 Dungeon Crawl Stone Soup version 0.31-a0-236-g9a0961fb85 (webtiles) character file.

Game seed: 17368311580235125023

87 qw the Shooter (level 4, -8/26 HPs)
             Began as a Gargoyle Hexslinger on July 10, 2023.
             Mangled by a gnoll
             ... wielding a +0 halberd
             ... led by a gnoll bouda
              (13 damage)
             ... on level 3 of the Dungeon.
             The game lasted 00:00:46 (1498 turns).

qw the Shooter (Gargoyle Hexslinger)                Turns: 1498, Time: 00:00:47

Health: -8/26      AC:  6    Str: 11    XL:     4   Next: 51%
Magic:  5/5        EV: 11    Int: 14    God:
Gold:   89         SH:  0    Dex: 14    Spells: 4/5 levels left

rFire   . . .        b - +0 orcbow
rCold   . . .        (shield currently unavailable)
rNeg    + . .        a - +0 leather armour
rPois   inf          (no helmet)
rElec   +            (no cloak)
rCorr   .            (no gloves)
SInv    .            (no boots)
Will    .....        (no amulet)
Stlth   +            (no ring)
HPRegen 0.24/turn    (no ring)
MPRegen 0.09/turn

%: no passive effects
@: no status effects
A: sickness immunity, AC +3, negative energy resistance 1, electricity
resistance, torment resistance 1, petrification resistance
a: no special abilities


You were on level 3 of the Dungeon.
You visited 1 branch of the dungeon, and saw 3 of its levels.

You collected 89 gold pieces.


Innate Abilities, Weirdness & Mutations

You are immune to sickness and miasma.
Your stone body is resilient. (AC +3)
You are immune to poison.
You resist negative energy. (rN+)
You are resistant to electric shocks. (rElec)
You are resistant to unholy torment.
You are immune to petrification.


   Skills:
 - Level 2.0 Fighting
 + Level 4.2 Ranged Weapons
 - Level 1.5 Dodging
 - Level 1.0 Spellcasting
 - Level 2.6 Hexes


You had 4 spell levels left.
You knew the following spells:

 Your Spells              Type           Power      Damage    Failure   Level
a - Slow                  Hex            32%        N/A       12%         1

Your spell library contained the following spells:

 Spells                   Type           Power      Damage    Failure   Level
 Inner Flame              Hex/Fire       4%         N/A       52%         3
 Portal Projectile        Hex/Tloc       8%         N/A       52%         3
 Cause Fear               Hex            4%         N/A       75%         4

Inventory:

Hand Weapons
 b - a +0 orcbow (weapon)
Armour
 a - a +0 leather armour (worn)
 e - the +0 leather armour of Lykap {Rampage rF- Str+3}
   (You found it on level 2 of the Dungeon)

   Str:       It affects your strength (+3).
   rF:        It makes you vulnerable to fire.
   Rampage:   It bestows one free step when moving towards enemies.
Jewellery
 g - a ring of wizardry
Scrolls
 h - 4 scrolls of identify
Potions
 c - a potion of degeneration {unknown}
 d - a potion of enlightenment {unknown}
 f - 2 potions of curing {unknown}

Dungeon Overview and Level Annotations

Branches:
Dungeon (3/15)

Altars:

Shops:
D:1 :


Message History

The gnoll closely misses you. The gnoll completely misses you.
You shoot an arrow. The arrow closely misses the gnoll.
You shoot an arrow.
The arrow hits the gnoll bouda but does no damage.
You hear a shout!
You shoot an arrow. The arrow hits the gnoll bouda!
The gnoll bouda is heavily wounded.
The gnoll misses you.
You shoot an arrow.
The arrow closely misses the gnoll bouda.
The gnoll bouda gazes fiercely through you!
You feel your attacks grow feeble. The gnoll bouda barely misses you.
The gnoll closely misses you.
You shoot an arrow. The arrow hits the gnoll bouda!
The gnoll bouda is almost dead.
You hear a shout!
The gnoll bouda calls upon its god to heal the gnoll.
The gnoll is healed somewhat.
The gnoll hits you from afar with a +0 halberd!
You shoot an arrow.
The arrow closely misses the gnoll bouda.
The gnoll bouda barks out a call to the hunt!
The gnoll picks up the pace!
The gnoll misses you.
The gnoll bouda utters an invocation to its god.
The gnoll bouda is healed somewhat.
The gnoll misses you.
You shoot an arrow.
The arrow closely misses the gnoll bouda.
The gnoll bouda closely misses you. The gnoll hits you but does no damage.
You shoot an arrow.
The arrow closely misses the gnoll bouda.
Your attacks no longer feel as feeble.
The gnoll bouda hits you with a +0 whip.
The gnoll hits you from afar with a +0 halberd!
You shoot an arrow.
The arrow barely misses the gnoll bouda.
The gnoll bouda barely misses you.
The gnoll hits you from afar with a +0 halberd!
Ouch! That really hurt!
You die...

########### #g@.......#
#.#######.#########
.g...gg..................
g#######.######.##>.###..
#.# ##.##..# #.# #.#
##..#.>.###.# #.#
#.....#.....# .## #.#
##.##...##### ..#
####.#####.###..#


You could see a gnoll bouda and 2 gnolls.

Vanquished Creatures
  An adder (D:2)
  2 worms (D:2)
  3 dart slugs
  7 ball pythons
  6 endoplasms
  A giant cockroach (D:2)
  7 goblins
  8 hobgoblins
  8 jackals
  A quokka (D:1)
  5 bats
  2 frilled lizards (D:2)
  5 kobolds
  2 rats
58 creatures vanquished.

Notes
Turn   | Place    | Note
-------+----------+-------------------------------------------
     0 | D:1      | qw the Gargoyle Hexslinger began the quest for the Orb.
     0 | D:1      | Reached XP level 1. HP: 12/12 MP: 2/2
     0 | D:1      | 0 ||| qw: Version: 0.3-a-51-g015441d
     0 | D:1      | 0 ||| qw: Game counter: 4494
     0 | D:1      | 0 ||| qw: Melee chars always use a shield: true
     0 | D:1      | 0 ||| qw: God list: Okawaru
     0 | D:1      | 0 ||| qw: Allow faded altars: false
     0 | D:1      | 0 ||| qw: Do Orc after clearing Dungeon:15 true
     0 | D:1      | 0 ||| qw: Do second Lair branch before Depths: true
     0 | D:1      | 0 ||| qw: Lair rune preference: random
     0 | D:1      | 0 ||| qw: Goals: Normal
     0 | D:1      | 0 ||| PLANNING D:1-11
     2 | D:1      | 2 ||| DROPPING scroll of poison.
    28 | D:1      | Reached XP level 2. HP: 16/16 MP: 3/3
    28 | D:1      | 28 ||| READING scroll labelled KUECWUMATE.
    64 | D:1      | Reached skill level 3 in Ranged Weapons
    84 | D:1      | Found Eleriuc's Book Shoppe.
   205 | D:1      | Reached XP level 3. HP: 21/21 MP: 4/4
   354 | D:1      | Found a faded altar of an unknown god.
   511 | D:1      | 511 ||| UPGRADING to +0 leather armour.
   521 | D:1      | 521 ||| DROPPING +0 robe.
   522 | D:1      | 522 ||| READING scroll labelled NYNEHA FILI.
   560 | D:2      | 560 ||| SWAPPING to +0 orcbow.
   562 | D:2      | 562 ||| DROPPING +2 sling.
   878 | D:2      | Identified the +0 leather armour of Lykap {Rampage rF-
                  | Str+3}
   915 | D:2      | Reached XP level 4. HP: 12/26 MP: 5/5
   924 | D:2      | 924 ||| FLEEEEING.
   925 | D:2      | 925 ||| FLEEEEING.
   926 | D:2      | 926 ||| FLEEEEING.
   927 | D:2      | 927 ||| FLEEEEING.
  1015 | D:2      | Reached skill level 4 in Ranged Weapons
  1486 | D:3      | 1486 ||| Stepping ~*~*~tactically~*~*~ (outnumbered).
  1497 | D:3      | HP: 5/26 [gnoll/+0 halberd[a gnoll bouda] (9)]
  1498 | D:3      | Mangled by a gnoll

Levels and vault maps discovered:
D:1:      minmay_arrival_semitransparent, layout_rooms, serial_shops,
          nicolae_shop_behind_doors, hellmonk_ecumenical_altar_heavens_door,
          chequers_serial_rivers_micro_d
D:2:      layout_rooms
D:3:      layout_loops_ring, led_sif_pool

Skill      XL: |  1  2  3  4 |
---------------+-------------+-----
Ranged Weapons | 3 4 |  4.2
Fighting       | 2 |  2.0
Dodging        | |  1.5
Spellcasting   | |  1.0
Hexes          | |  2.6

Action                     |  1- 3 |  4- 6 || total
---------------------------+-------+-------++-------
   Fire: Sling             |    72 |       ||    72
         Orcbow            |    63 |    55 ||   118
    Use: Scroll            |     2 |       ||     2
 Armour: Robe              |    10 |       ||    10
         Leather armour    |    12 |     2 ||    14
  Dodge: Dodged            |    31 |    17 ||    48

Table legend:
 A = Non-vault XP
 B = Vault XP
 C = Vault XP percentage of total XP
 D = Non-vault monster count
 E = Vault monster count
 F = Vault count percentage of total count
                 A         B        C        D         E       F
            +---------+---------+-------+---------+---------+-------
      Total |     125 |       0 |   0.0 |      58 |       0 |   0.0
            +---------+---------+-------+---------+---------+-------
        D:1 |      48 |       0 |   0.0 |      25 |       0 |   0.0
        D:2 |      48 |       0 |   0.0 |      19 |       0 |   0.0
        D:3 |      29 |       0 |   0.0 |      14 |       0 |   0.0
            +---------+---------+-------+---------+---------+-------
